 Dungeon Crawl Stone Soup version 0.23.1 (webtiles) character file.

Game seed: 0

105 Luthien the Magician (level 4, -4/24 HPs)
             Began as a Deep Elf Wizard on Mar 2, 2019.
             Killed by divine providence
             ... invoked by an orc priest
              (13 damage)
             ... on level 3 of the Dungeon.
             The game lasted 00:17:38 (2905 turns).

Luthien the Magician (Deep Elf Wizard)              Turns: 2905, Time: 00:17:39

Health: -4/24      AC:  6    Str:  4    XL:     4   Next: 53%
Magic:  6/13       EV: 11    Int: 23    God:
Gold:   115        SH:  0    Dex: 14    Spells: 8/13 levels left

rFire    . . .     SeeInvis .   s - -2 club (curse)
rCold    + . .     Gourm    .   (no shield)
rNeg     . . .     Faith    .   D - +0 leather armour
rPois    +         Spirit   .   b - +0 hat
rElec    .         Reflect  .   (no cloak)
rCorr    .         Harm     .   E - +2 pair of gloves
MR       .....                  (no boots)
Stlth    ++........             (no amulet)
HPRegen  0.08/turn              h - ring of poison resistance
MPRegen  0.13/turn              r - ring of protection from cold

@: no status effects
A: no striking features
a: no special abilities


You were on level 3 of the Dungeon.
You were not hungry.

You visited 1 branch of the dungeon, and saw 3 of its levels.

You collected 115 gold pieces.

Inventory:

Hand Weapons
 n - a +0 hunting sling
 s - a cursed -2 club (weapon)
 v - a +0 dagger
 y - a +0 hunting sling
Missiles
 e - 32 sling bullets
 k - 19 stones (quivered)
 p - 56 bolts
 x - 32 arrows
 z - 3 tomahawks
Armour
 a - a +0 robe
 b - a +0 hat (worn)
 l - a +0 ring mail
 w - a +0 pair of gloves
 D - a +0 leather armour (worn)
 E - a +2 pair of gloves (worn)
Jewellery
 h - a ring of poison resistance (left hand)
 r - a ring of protection from cold (right hand)
Scrolls
 g - 2 scrolls of teleportation {unknown}
 i - a scroll of random uselessness {unknown}
 m - a scroll of blinking {unknown}
 o - a scroll of enchant armour {unknown}
 q - 4 scrolls of remove curse {unknown}
 t - 2 scrolls of identify {unknown}
 A - a scroll of fog {unknown}
 C - a scroll of amnesia {unknown}
Potions
 f - 2 potions of agility {unknown}
 j - a potion of lignification {unknown}
 u - a potion of ambrosia {unknown}
 B - a potion of mutation {unknown}
Comestibles
 c - 5 chunks of flesh
 d - 8 rations


   Skills:
 - Level 2.4 Dodging
 - Level 2.4 Stealth
 + Level 5.3 Spellcasting
 + Level 3.8 Conjurations
 + Level 1.2 Summonings
 + Level 1.8 Translocations


You had 8 spell levels left.
You knew the following spells:

 Your Spells              Type           Power        Failure   Level  Hunger
a - Magic Dart            Conj           ###.         3%          1    None
b - Blink                 Tloc           N/A          12%         2    None
c - Call Imp              Summ           ##......     16%         2    None

Your spell library contained the following spells:

 Spells                   Type           Power        Failure   Level  Hunger
 Conjure Flame            Conj/Fire      ###.....     22%         3    ##.....
 Slow                     Hex            #.......     24%         2    None
 Mephitic Cloud           Conj/Pois/Air  ##......     28%         3    ##.....


Dungeon Overview and Level Annotations

Branches:
Dungeon (3/15)

Altars:
Ashenzari
Elyvilon
Hepliaklqana
Sif Muna


Message History

Aim: an orc priest, wielding a -2 dagger Attack!
Your shadow imp hits the orc priest.
Your crimson imp hits the orc priest.
The orc priest miscasts a cantrip.
Your shadow imp closely misses the orc priest.
The orc closely misses your crimson imp.
Your crimson imp blinks!
The orc priest mumbles some strange prayers to Beogh against you.
Beogh smites you!
Ouch! That really hurt!
Your shadow imp hits the orc priest.
Your crimson imp blinks!
The orc priest hits your shadow imp with a cursed -2 dagger.
Your crimson imp disappears in a puff of smoke!
You see here 9 gold pieces.
A worm comes into view.
The orc priest mumbles some strange prayers to Beogh against you.
Beogh smites you!
Ouch! That really hurt!
You die...

##..####.######.####
#.# ....# #.#
#.######.### .#.##
#.### #.#....o#..#
...#####...#
#.#.####.#.#
.........#.# #w#.#
#o#o# ..######.#.#
#.#.# #5#o# ..# #.#.#
#.#.# #)#.# ..#
#.#.####.#.####o#.###
..#
.........@$.........#
..#
..#.######.######.#....
.## ..#.# #.# .# ## .#
#..# #.# # .# #.# ..
..# ## ###


You could see a worm and an orc priest.

Vanquished Creatures
  4 adders
  An ooze (D:1)
  A worm (D:2)
  2 dart slugs (D:1)
  A leopard gecko (D:1)
  A ball python (D:3)
  4 bats
  5 giant cockroaches
  8 goblins
  6 hobgoblins
  A quokka (D:2)
  2 frilled lizards
  4 kobolds
  7 rats
47 creatures vanquished.

Vanquished Creatures (collateral kills)
  5 orcs (D:3)
  A giant cockroach (D:3)
  A goblin (D:2)
  A ball python skeleton (D:3)
  A frilled lizard (D:2)
9 creatures vanquished.

Grand Total: 56 creatures vanquished

Notes
Turn   | Place    | Note
-------+----------+-------------------------------------------
     0 | D:1      | Luthien the Deep Elf Wizard began the quest for the Orb.
     0 | D:1      | Reached XP level 1. HP: 10/10 MP: 7/7
   420 | D:1      | Reached XP level 2. HP: 15/15 MP: 6/9
   709 | D:1      | Learned a level 2 spell: Blink
   863 | D:1      | Reached XP level 3. HP: 19/19 MP: 7/11
  1522 | D:2      | Reached skill level 5 in Spellcasting
  1551 | D:2      | Learned a level 2 spell: Call Imp
  1958 | D:2      | Found a faded altar of an unknown god.
  2229 | D:2      | Found a hazy altar of Hepliaklqana.
  2297 | D:3      | Reached XP level 4. HP: 24/24 MP: 7/13
  2695 | D:3      | Found a shattered altar of Ashenzari.
  2695 | D:3      | Found a white marble altar of Elyvilon.
  2695 | D:3      | Found a deep blue altar of Sif Muna.
  2905 | D:3      | Killed from afar by an orc priest

Skill      XL: |  1  2  3 |
---------------+----------+-----
Conjurations   | 2 3 |  3.8
Spellcasting   | 5 |  5.3
Dodging        | |  2.4
Stealth        | |  2.4
Summonings     | |  1.2
Translocations | |  1.8

Action                   |  1- 3 |  4- 6 || total
-------------------------+-------+-------++-------
Melee: Unarmed           |     1 |       ||     1
 Cast: Magic Dart        |   102 |    31 ||   133
       Call Imp          |     6 |     7 ||    13
  Eat: Chunk             |     4 |     2 ||     6
Armor: Robe              |     5 |     1 ||     6
Dodge: Dodged            |    18 |     5 ||    23
